 Dungeon Sprint DCSS version 0.28-a0-1594-ga885d4b3d6 (webtiles) character file.

Game seed: 12703883959300798379

25 innerfire433 the Skirmisher (level 2, -1/26 HPs)
             Began as a Demonspawn Chaos Knight on Jan 20, 2022.
             Was a Plaything of Xom.
             Slain by a yak (7 damage)
             ... in the Dungeon (Sprint I: "Red Sonja").
             The game lasted 00:00:36 (67 turns).

innerfire433 the Skirmisher (Demonspawn Chaos Knight) Turns: 67, Time: 00:00:37

Health: -1/26      AC:  5    Str: 12    XL:     2   Next: 82%
Magic:  2/2        EV: 11    Int: 13    God:    Xom [..*...]
Gold:   0          SH:  0    Dex: 12    Spells: 1/1 levels left

rFire   . . .      SeeInvis .   a - +0 mace (chaos)
rCold   . . .      Faith    .   (no shield)
rNeg    . . .      Spirit   .   b - +2 leather armour
rPois   .          Reflect  .   (no helmet)
rElec   .          Harm     .   (no cloak)
rCorr   .          Rampage  .   (no gloves)
Will    .....      NoTele   +   (no boots)
Stlth   +.........              (no amulet)
HPRegen 0.08/turn               (no ring)
MPRegen 0.08/turn               (no ring)

@: no status effects
A: spiny 1
a: Renounce Religion


You were in the Dungeon.
You worshipped Xom.
You were a toy of Xom.
You visited 1 branch

Inventory:

Hand Weapons
 a - a +0 mace of chaos (weapon)
Armour
 b - a +2 leather armour (worn)
Wands
 g - a wand of digging (7)
Scrolls
 h - a scroll of blinking
Potions
 c - a potion of curing
 d - a potion of heal wounds
 e - a potion of haste
 f - 2 potions of magic


   Skills:
 + Level 4.8 Fighting
 + Level 4.3 Maces & Flails
 + Level 2.5 Armour
 + Level 1.0 Dodging


You had one spell level left.
You didn't know any spells.
Your spell library was empty.

Dungeon Overview and Level Annotations

Branches:
Dungeon (1/1)

Altars:
Cheibriados
Dithmenos
Elyvilon
Fedhas
Gozag
Hepliaklqana
Kikubaaqudgha
Nemelex Xobeh
Okawaru
Qazlal
Ru
Trog
Uskayaw
Yredelemnul
Zin
The Shining One

Shops:
D !


Innate Abilities, Weirdness & Mutations

You are partially covered in sharp spines.


Message History

You recover from your berserk rage.
Aiming: Dig
Press: ? - help, Shift-Dir - straight line A rock wall.
The rock shatters into small pieces.
Found Setaday's Distillery.
Found eleven altars.
Found a hide-covered altar of Uskayaw.
Found a hazy altar of Hepliaklqana and a sparkling altar of Nemelex Xobeh.
A yak comes into view.
Found a blossoming altar of Fedhas and a stormy altar of Qazlal.
The yak bellows!
There is a glowing silver altar of Zin here.
There is an iron altar of Okawaru here.
The yak snorts and paws the ground.
The yak gores you.
You hit the yak but do no damage.
The yak is poisoned.
The yak gores you. The yak gores you!
You sock the yak! You freeze the yak.
The yak is moderately wounded.
The yak barely misses you.
You hit the yak.
Space warps around the yak.
The yak is moderately wounded.
The yak closely misses you.
You hit the yak. You freeze the yak.
The yak is heavily wounded.
The yak barely misses you.
You hit the yak but do no damage.
The yak is heavily wounded.
The yak gores you but does no damage.
You barely miss the yak.
The yak is heavily wounded.
The yak is struck by your spines. The yak gores you!
* * * LOW HITPOINT WARNING * * *
The yak gores you.
* * * LOW HITPOINT WARNING * * *
You closely miss the yak.
The yak is severely wounded.
The yak looks more healthy.
The yak gores you!
You die...
Xom giggles madly!

#######
#<.#..+
#..)..#
#..##.#
#..##.#
#..#__####
#..#_____##
#⌠⌠#_@Y...+
####_..__##
#_____#
#######


You could see a yak.

Vanquished Creatures
  Ijyb (D)
1 creature vanquished.

Notes
Turn   | Place    | Note
-------+----------+-------------------------------------------
     0 | D        | innerfire433 the Demonspawn Chaos Knight began the quest
                  | for the Orb.
     0 | D        | Reached XP level 1. HP: 18/18 MP: 1/1
     1 | D        | Noticed Ijyb
     4 | D        | Killed Ijyb
     5 | D        | Reached skill level 1 in Dodging
     5 | D        | Gained mutation: You are partially covered in sharp spines.
                  | [demonic ancestry]
     5 | D        | Reached XP level 2. HP: 26/26 MP: 2/2
    53 | D        | Found an iron altar of Okawaru.
    53 | D        | Found a bloodstained altar of Trog.
    53 | D        | Found Setaday's Distillery.
    53 | D        | Found an ancient bone altar of Kikubaaqudgha.
    53 | D        | Found a basalt altar of Yredelemnul.
    53 | D        | Found a sacrificial altar of Ru.
    53 | D        | Found a snail-covered altar of Cheibriados.
    53 | D        | Found a shadowy altar of Dithmenos.
    53 | D        | Found an opulent altar of Gozag.
    54 | D        | Found a hide-covered altar of Uskayaw.
    55 | D        | Found a hazy altar of Hepliaklqana.
    55 | D        | Found a sparkling altar of Nemelex Xobeh.
    56 | D        | Found a blossoming altar of Fedhas.
    56 | D        | Found a stormy altar of Qazlal.
    56 | D        | Noticed a yak
    67 | D        | Slain by a yak

Illustrated notes

Levels and vault maps discovered:
D:        dungeon_sprint_1 [red_sonja_temple_1, red_sonja_temple_small_1]

Skill      XL: |  1 |
---------------+----+-----
Fighting       | 4 |  4.8
Maces & Flails | 4 |  4.3
Armour         | 2 |  2.5
Dodging        | 1 |  1.0

Action                   || total
-------------------------++-------
Melee: Mace              ||     9
Evoke: Wand              ||     1
  Use: Potion            ||     1
Armor: Leather armour    ||     1
Dodge: Dodged            ||     3

Table legend: (Time is in decaauts)
 A = Elapsed time spent in this place.
 B = Non-inter-level travel time spent in this place.
 C = Inter-level travel time spent in this place.
 D = Time resting spent in this place.
 E = Time spent auto-exploring this place.
 F = Levels seen in this place.
 G = Mean time per level.
                   A        B        C        D        E       F      G
               +--------+--------+--------+--------+--------+-----+--------+
         Total |     76 |     76 |      0 |      0 |      1 |   1 |   76.0 |
       Dungeon |     76 |     76 |      0 |      0 |      1 |   1 |   76.0 |
               +--------+--------+--------+--------+--------+-----+--------+

Top non-repeatable levels by time:
       D: 76 daAuts
